 Dungeon Crawl Stone Soup version 0.29-a0-194-g6e3aafee17 (webtiles) character file.

Game seed: 14853338740667392857

271 DarkMagik the Covered (level 6, -3/57 HPs)
             Began as a Deep Dwarf Fighter on Feb 22, 2022.
             Was an Initiate of Wu Jian.
             Killed by divine providence
             ... invoked by an orc priest
              (8 damage)
             ... on level 4 of the Dungeon.
             The game lasted 00:19:18 (2622 turns).

DarkMagik the Covered (Deep Dwarf Fighter)          Turns: 2622, Time: 00:19:19

Health: -3/57      AC:  7    Str: 22    XL:     6   Next: 2%
Magic:  4/4        EV: 10    Int:  8    God:    Wu Jian [......]
Gold:   51         SH:  0    Dex: 12    Spells: 5/5 levels left

rFire   . . .      SeeInvis .   p - +0 halberd (venom)
rCold   . . .      Faith    .   (shield currently unavailable)
rNeg    . . .      Spirit   .   b - +0 scale mail
rPois   .          Reflect  .   (no helmet)
rElec   .          Harm     .   (no cloak)
rCorr   .          Rampage  .   (no gloves)
Will    .....                   (no boots)
Stlth   ..........              (no amulet)
HPRegen 0.00/turn               (no ring)
MPRegen 0.09/turn               (no ring)

@: no status effects
A: damage resistance, heal wounds, sense surroundings 1, no regeneration
a: Heal Wounds, Renounce Religion


You were on level 4 of the Dungeon.
You worshipped Wu Jian.
Wu Jian was noncommittal.
You visited 1 branch of the dungeon, and saw 4 of its levels.

You collected 179 gold pieces.
You spent 128 gold pieces at shops.

Inventory:

Hand Weapons
 a - a +0 war axe
 k - a +0 great sword
 p - a +0 halberd of venom (weapon)
Missiles
 q - 2 throwing nets
Armour
 b - a +0 scale mail (worn)
 c - a +0 buckler
Scrolls
 e - a scroll of teleportation
 i - a scroll of amnesia {unknown}
 l - 3 scrolls of fog
 n - a scroll of immolation {unknown}
 o - a scroll of magic mapping {unknown}
 r - a scroll of holy word {unknown}
 s - 3 scrolls of enchant armour {unknown}
 t - a scroll of noise {unknown}
Potions
 d - 2 potions of might
 f - a potion of heal wounds {unknown}
 g - 2 potions of haste {unknown}
 h - a potion of degeneration {unknown}
 j - a potion of berserk rage {unknown}
 m - a potion of attraction {unknown}


   Skills:
 + Level 3.8 Fighting
 + Level 4.2(4.3) Axes
 + Level 0.5(2.2) Polearms
 + Level 4.5 Armour
 + Level 1.2 Dodging
 + Level 0.8 Stealth
 + Level 3.8 Shields


You had 5 spell levels left.
You didn't know any spells.
Your spell library contained the following spells:

 Spells                   Type           Power      Damage    Failure   Level
 Foxfire                  Conj/Fire      0%         2x1d4     73%         1
 Conjure Flame            Conj/Fire      0%         6-21      97%         3
 Inner Flame              Hex/Fire       0%         N/A       97%         3
 Flame Wave               Conj/Fire      0%         2d4       100%        4


Dungeon Overview and Level Annotations

Branches:
Dungeon (4/15)
 Temple: D:4-7

Altars:
Wu Jian

Shops:
D:3 (


Innate Abilities, Weirdness & Mutations

You are resistant to damage.
You can heal yourself by infusing magical energy.
You passively map a small area around you.
You do not regenerate.


Message History

The orc priest calls down the wrath of Beogh upon you.
Beogh smites you!
* * * LOW HITPOINT WARNING * * *
The orc wizard mumbles some strange words.
The orc wizard flickers and vanishes!
Deactivating autopickup; reactivate with Ctrl-A.
You slash something! The Council accepts your kill.
Reactivating autopickup.
You feel a bit more experienced.
The orc priest casts a cantrip, but nothing happens.
You have reached level 6!
Okay, then.
You barely miss the orc. The orc completely misses you.
You barely miss the orc. The orc hits you but does no damage.
The orc barely misses you. x3; The orc hits you but does no damage.
You hit the orc but do no damage.
The orc is poisoned.
The orc barely misses you. The orc hits you but does no damage.
The orc hits you with a +0 war axe. The orc barely misses you.
You barely miss the orc. The orc closely misses you.
The orc hits you but does no damage. The orc barely misses you.
You puncture the orc!
You kill the orc!
The Council accepts your kill. The orc misses you.
The orc hits you with a +0 club.
* * * LOW HITPOINT WARNING * * *
The orc hits you with a +0 war axe.
* * * LOW HITPOINT WARNING * * *
The orc barely misses you.
Things that are here:
a +0 whip; a +0 ring mail You closely miss the orc.
The orc barely misses you. The orc hits you with a +0 war axe.
* * * LOW HITPOINT WARNING * * *
You barely miss the orc. The orc misses you.
The orc hits you with a +0 war axe!
* * * LOW HITPOINT WARNING * * *
The orc priest mumbles some strange prayers to Beogh against you.
Beogh smites you!
You die...

#. * #. ,
##...#...... * #.##
* ....#.....#, ..#
##, #...#.....#
###.##.#
.#.........#
.......# ..#
..#.....
#)...#####.#..o..,
,*
.*#..#.......#.#o#*
, .*#...#<### ##.o@#
, .###....# ###..###
* .......####....# ,
.......#....##.# *
.#...#)).#####.#
##.#...รท.#####.# ,
....#####....#.# * ,
....#.....##...##..,
....#.###.# *#....
,,


You could see an orc priest and 2 orcs.

Vanquished Creatures
  A hound (D:4)
  An orc priest (D:4)
  An orc wizard (D:4)
  Natasha (thrice) (D:2)
  Robin (D:2)
  2 adders
  A worm (D:1)
  2 dart slugs
  8 orcs
  5 ball pythons
  5 bats
  4 endoplasms
  4 giant cockroaches
  15 goblins
  8 hobgoblins
  3 quokkas
  3 frilled lizards (D:1)
  A kobold (D:1)
  2 rats (D:1)
70 creatures vanquished.

Notes
Turn   | Place    | Note
-------+----------+-------------------------------------------
     0 | D:1      | DarkMagik the Deep Dwarf Fighter began the quest for the
                  | Orb.
     0 | D:1      | Reached XP level 1. HP: 20/20 MP: 1/1
   108 | D:1      | Reached XP level 2. HP: 21/27 MP: 2/2
   718 | D:2      | Noticed Natasha
   722 | D:2      | Noticed Robin
   729 | D:1      | Reached XP level 3. HP: 11/34 MP: 3/3
  1523 | D:2      | Killed Natasha
  1524 | D:2      | Reached XP level 4. HP: 18/42 MP: 3/3
  1526 | D:2      | Killed Robin
  1550 | D:2      | Noticed Natasha
  1560 | D:2      | Killed Natasha
  1584 | D:2      | Noticed Natasha
  1732 | D:2      | Killed Natasha
  1733 | D:2      | Reached XP level 5. HP: 8/49 MP: 4/4
  1748 | D:2      | Reached skill level 1 in Dodging
  1887 | D:3      | Found an ornate altar of the Wu Jian Council.
  1921 | D:3      | Became a worshipper of the Wu Jian Council
  2081 | D:3      | Found Sockovat's Weapon Shoppe.
  2089 | D:3      | Bought a +0 halberd of venom for 68 gold pieces
  2089 | D:3      | Bought 2 throwing nets for 60 gold pieces
  2615 | D:4      | Reached XP level 6. HP: 16/57 MP: 4/4
  2622 | D:4      | Killed from afar by an orc priest

Illustrated notes

Levels and vault maps discovered:
D:1:      dpeg_arrival_simpleton_b, layout_basic
D:2:      layout_rooms, uniq_robin, uniq_natasha
D:3:      layout_loops_corners, amcnicky_altar_gilded, serial_shops,
          nicolae_shop_bloodbath_and_beyond
D:4:      layout_rooms, serial_co_window_serial, co_window_paths_a,
          co_window_corner_a, co_window_corner_a, co_window_of_opportunity_a,
          co_window_corner_a, co_window_corner_b, co_window_corner_cb,
          co_window_cross_4, co_window_broadway_b, co_window_broadway_b,
          co_window_4corner_a, glass_columns_a, glass_columns_a,
          glass_columns_a, glass_columns_a, glass_columns_c

Skill      XL: |  1  2  3  4  5 |
---------------+----------------+-----
Fighting       | 3 |  3.8
Axes           | 3 4 |  4.2
Armour         | 4 |  4.5
Dodging        | 1 |  1.2
Polearms       | |  0.5
Stealth        | |  0.8
Shields        | |  3.8

Action                   |  1- 3 |  4- 6 || total
-------------------------+-------+-------++-------
Melee: War axe           |    74 |    72 ||   146
       Halberd           |       |    48 ||    48
Invok: Lunge             |       |     3 ||     3
 Abil: Heal Wounds       |     1 |     2 ||     3
  Use: Scroll            |       |     3 ||     3
Armor: Scale mail        |    75 |    68 ||   143
Dodge: Dodged            |    68 |    82 ||   150
Block: Buckler           |    31 |    22 ||    53

Table legend: (Time is in decaauts)
 A = Elapsed time spent in this place.
 B = Non-inter-level travel time spent in this place.
 C = Inter-level travel time spent in this place.
 D = Time resting spent in this place.
 E = Time spent auto-exploring this place.
 F = Levels seen in this place.
 G = Mean time per level.
                   A        B        C        D        E       F      G
               +--------+--------+--------+--------+--------+-----+--------+
         Total |   2696 |    523 |   2173 |      0 |      0 |   4 |  674.0 |
       Dungeon |   2696 |    523 |   2173 |      0 |      0 |   4 |  674.0 |
               +--------+--------+--------+--------+--------+-----+--------+

Top non-repeatable levels by time:
     D:1: 1534 daAuts
     D:3: 489 daAuts
     D:4: 355 daAuts
     D:2: 316 daAuts
